 Dungeon Crawl Stone Soup version 0.20.1-1-g8b1a95d (webtiles) character file.

188 roguezilla the Ducker (level 5, -1/53 HPs)
             Began as a Troll Fighter on Nov 18, 2017.
             Slain by a sky beast (6 damage)
             ... on level 7 of the Dungeon.
             The game lasted 00:03:51 (497 turns).

roguezilla the Ducker (Troll Fighter)                Turns: 497, Time: 00:03:52

Health: -1/53      AC:  5    Str: 25    XL:     5   Next: 39%
Magic:  4/4        EV:  9    Int:  4    God:
Gold:   105        SH:  9    Dex:  9    Spells: 4/4 levels left

rFire    . . .     SeeInvis .   a - +1 long sword
rCold    . . .     Gourm    +   c - +0 shield
rNeg     . . .     Faith    .   j - +0 robe
rPois    .         Spirit   .   (helmet restricted)
rElec    .         Reflect  .   (no cloak)
rCorr    .         Harm     .   (gloves unavailable)
MR       .....                  (boots unavailable)
Stlth    +.........             (no amulet)
Regen    0.6/turn               (no ring)
MPRegen  0.1/turn               (no ring)

@: no status effects
A: unfitting armour, claws 3, fast metabolism 3, gourmand, regeneration 1,
shaggy fur 1, tough skin 2
a: no special abilities


You were on level 7 of the Dungeon.
You were near starving.

You visited 1 branch of the dungeon, and saw 6 of its levels.

You collected 105 gold pieces.

Inventory:

Hand Weapons
 a - a +1 long sword (weapon)
 i - a +0 shortbow
Armour
 b - a +0 robe
 c - a +0 shield (worn)
 j - a +0 robe (worn)
Scrolls
 e - a scroll of identify
Potions
 d - a potion of might
 h - a potion of degeneration {unknown}
Comestibles
 f - a bread ration
 g - a royal jelly


   Skills:
 + Level 3.1 Fighting
 + Level 2.8 Long Blades
 + Level 3.3 Dodging
 + Level 3.2 Shields


You had 4 spell levels left.
You didn't know any spells.

Dungeon Overview and Level Annotations

Branches:
Dungeon (7/15)
 Temple: D:4-7

Altars:


Innate Abilities, Weirdness & Mutations

You are too large for most types of armour.
You have claws for hands.
Your metabolism is lightning-fast.
You like to eat raw meat.
Your natural rate of healing is unusually fast.
You are covered in fur. (AC +1)
You have very tough skin. (AC +2)


Message History

The sky beast hits you. The sky beast shocks you.
You are feeling very hungry.
You closely miss the sky beast.
The sky beast is severely wounded.
The hungry ghost closely misses you.
The sky beast flickers out of sight!
Deactivating autopickup; reactivate with Ctrl-A.
Something hits you. Something shocks you. The hungry ghost hits you.
You feel quite a bit more hungry.
You closely miss something. Something hits you. Something shocks you.
You block the hungry ghost's attack.
You miss something. Something hits you.
* * * LOW HITPOINT WARNING * * *
Something shocks you.
* * * LOW HITPOINT WARNING * * *
The hungry ghost hits you.
You are near starving!
Something hits you.
* * * LOW HITPOINT WARNING * * *
Something shocks you.
You die...

#
###################
'.................+
###########.....###
# #.....# #.....#
#.....#
#.....###### ###
#.....@{...# ....
####+#W....... ####
#...#.### #####
#..<# .# §§..#
#.... .§§§# #.#...
§§§§# #...#.. §§§§#
#. ###.##.# §§§§#
#. ###
##############


You could see a hungry ghost.

Vanquished Creatures
  A bullfrog (D:7)
  2 jellies (D:7)
  2 worker ants (D:4)
  An orc (D:4)
  2 bats
  2 giant cockroaches (D:1)
  A hobgoblin (D:2)
  A kobold (D:2)
12 creatures vanquished.

Notes
Turn   | Place    | Note
-------+----------+-------------------------------------------
     0 | D:1      | roguezilla the Troll Fighter began the quest for the Orb.
     0 | D:1      | Reached XP level 1. HP: 22/22 MP: 0/0
   158 | D:2      | You fall through a shaft for 2 floors!
   164 | D:4      | Noticed a worker ant
   174 | D:4      | Killed a worker ant
   174 | D:4      | Reached XP level 2. HP: 8/29 MP: 1/1
   174 | D:4      | Reached XP level 3. HP: 10/36 MP: 2/2
   276 | D:5      | Entered Level 5 of the Dungeon
   284 | D:5      | You fall through a shaft!
   406 | D:7      | Noticed a bullfrog
   411 | D:7      | Killed a bullfrog
   411 | D:7      | Reached XP level 4. HP: 30/45 MP: 3/3
   420 | D:7      | Reached XP level 5. HP: 37/53 MP: 4/4
   479 | D:7      | Noticed a sky beast
   479 | D:7      | Noticed a hungry ghost
   497 | D:7      | Slain by a sky beast

Skill      XL: |  1  2  3 |
---------------+----------+-----
Long Blades    | 2 |  2.8
Fighting       | 3 |  3.1
Dodging        | 3 |  3.3
Shields        | 3 |  3.2

Action                   |  1- 3 |  4- 6 || total
-------------------------+-------+-------++-------
Melee: Long sword        |    40 |    21 ||    61
  Use: Scroll            |     3 |     1 ||     4
  Eat: Bread ration      |       |     1 ||     1
Armor: Robe              |    10 |    12 ||    22
Dodge: Dodged            |    15 |     8 ||    23
Block: Shield            |    25 |    14 ||    39
       Rpst.: Long sword |     5 |     4 ||     9
